 Dungeon Crawl Stone Soup version 0.31-a0-355-g57cb03d3e8 (webtiles) character file.

Game seed: 18368191328544248893

1472 Newt the Mimic (level 8, -3/90 HPs)
             Began as a Merfolk Shapeshifter on July 24, 2023.
             Was a Believer of the Shining One.
             Shot with a sling bullet by Joseph (11 damage)
             ... on level 7 of the Dungeon.
             The game lasted 00:06:18 (4897 turns).

Newt the Mimic (Merfolk Shapeshifter)               Turns: 4897, Time: 00:06:19

Health: -3/90      AC: 24    Str: 17    XL:     8   Next: 78%
Magic:  10/10      EV:  2    Int: 12    God:    the Shining One [**....]
Gold:   260        SH: 29    Dex: 25    Spells: 7/7 levels left

rFire   . . .        x - +1 trident "Lyte" {elec, Dex+5}
rCold   . . .        n - +18 shield of the Gong {Loud rN+ Will+ rCorr EV-5}
rNeg    + + .        a - melded +1 animal skin
rPois   +            (helmet currently unavailable)
rElec   .            (cloak currently unavailable)
rCorr   +            (gloves currently unavailable)
SInv    .            (boots currently unavailable)
Will    +....        B - amulet of faith
Stlth   +            q - ring of Zaacenk {rCorr Int+4}
HPRegen 0.35/turn    o - +6 ring of dexterity
MPRegen 0.12/turn

%: faith
@: tree-form, glowing
A: stationary, stasis, torment immunity, boosted hp, (nimble swimmer 2),
(mertail)
a: Renounce Religion, Divine Shield


You were on level 7 of the Dungeon.
You worshipped the Shining One.
The Shining One was pleased with you.
You were a tree.
You visited 2 branches of the dungeon, and saw 8 of its levels.

You collected 288 gold pieces.
You spent 28 gold pieces at shops.

Inventory:

Hand Weapons
 d - a +4 dagger
 x - the +1 trident "Lyte" (weapon) {elec, Dex+5}
   (You found it on level 4 of the Dungeon)

   Dex:       It affects your dexterity (+5).
Missiles
 f - 4 boomerangs
 m - 7 poisoned darts
Armour
 a - a +1 animal skin (melded)
 n - the +18 shield of the Gong (worn) {Loud rN+ Will+ rCorr EV-5}
   (You found it on level 2 of the Dungeon)

   Loud:      It is deafeningly noisy when blocking attacks.
   EV:        It affects your evasion (-5).
   rN:        It protects you from negative energy.
   rCorr:     It protects you from acid and corrosion.
   Will:      It increases your willpower.
Jewellery
 o - a +6 ring of dexterity (right branch)
 q - the ring of Zaacenk (left branch) {rCorr Int+4}
   (You found it on level 2 of the Dungeon)

   [ring of resist corrosion]

   Int:       It affects your intelligence (+4).
   rCorr:     It protects you from acid and corrosion.
 A - a ring of magical power
 B - an amulet of faith (around neck)
Talismans
 c - a beast talisman
 w - a blade talisman
 D - a dragon-blood talisman
Wands
 y - a wand of roots (11)
Scrolls
 j - a scroll of poison
 p - a scroll of enchant armour
 u - 3 scrolls of blinking
Potions
 e - a potion of mutation
 g - a potion of degeneration
 h - a potion of cancellation
 i - a potion of curing
 l - 2 potions of attraction
 s - 2 potions of haste {unknown}
 t - 2 potions of ambrosia
 v - a potion of brilliance
 z - a potion of might {unknown}


   Skills:
 - Level 4.0 Fighting
 - Level 3.1 Short Blades
 - Level 3.0 Polearms
 - Level 5.0 Dodging
 - Level 3.0 Shields
 - Level 3.2 Unarmed Combat
 + Level 3.2 Invocations
 - Level 9.0 Shapeshifting


You had 7 spell levels left.
You didn't know any spells.
Your spell library contained the following spells:

 Spells                   Type           Power      Damage    Failure   Level
 Blink                    Tloc           0%         N/A       80%         2
 Lesser Beckoning         Tloc           0%         N/A       80%         2
 Momentum Strike          Conj/Tloc      0%         3d8       80%         2
 Inner Flame              Hex/Fire       0%         N/A       95%         3
 Yara's Violent Unravell  Hex/Tmut       0%         3d3       100%        5
 Enfeeble                 Hex            0%         N/A       100%        7


Dungeon Overview and Level Annotations

Branches:
Dungeon (7/15)             Temple (1/1) D:4

Altars:
Ashenzari
Cheibriados
Dithmenos
Elyvilon
Gozag
Hepliaklqana
Kikubaaqudgha
Makhleb
Nemelex Xobeh
Okawaru
Qazlal
Sif Muna
Trog
Uskayaw
Vehumet
Wu Jian
Xom
Yredelemnul
Zin
The Shining One

Shops:
D:5 (   D:7 ?

Annotations:
D:7 Joseph, Menkaure


Innate Abilities, Weirdness & Mutations

You are a tree.
Your roots penetrate the ground, keeping you stationary.
You cannot be teleported.
You are immune to unholy pain and torment.
Your maximum health is greatly increased.
Your equipment is partially melded.
((You are very nimble when in or above water. (Stealth+, EV+, Speed+++)))
((Your lower body shifts to a powerful aquatic tail in water.))


Message History

You block the sling bullet.
You hear a shout!
You barely miss the orc warrior.
The orc priest calls down the wrath of Beogh upon you.
You are unaffected.
You block the orc warrior's attack.
GONNNNG!
Items here: )) [ †.
The orc warrior attacks as you move away!
You block the orc warrior's attack.
SHROANNG!
Things that are here:
a +0 spear; a gnoll corpse Joseph shoots a sling bullet.
The sling bullet barely misses you.
Unknown command.
You barely miss the orc warrior.
Joseph shoots a sling bullet.
GONNNNG!
You block the sling bullet. You block the orc warrior's attack.
GONNNNG!
Joseph shoots a sling bullet.
The sling bullet hits you!
You hear a shout!
Unknown command.
You hit the orc warrior but do no damage.
Lightning courses through the orc warrior!
The orc warrior is moderately wounded.
You hear the faint creaking of a portcullis nearby.
You block the orc warrior's attack.
SHROANNG!
Joseph shoots a sling bullet.
The sling bullet hits you!
* * * LOW HITPOINT WARNING * * *
You block the orc warrior's attack.
SHROANNG!
Really quaff the potion of lignification?
Your transformation has ended.
You turn into a tree.
Your +1 animal skin melds into your body.
Your roots penetrate the ground.
Joseph shoots a sling bullet.
The sling bullet hits you!
* * * LOW HITPOINT WARNING * * *
You are electrocuted!
You die...

#....#...@....#.........* #...#
.#.........g.##...#.....* ###..##
.#..#.#..#$.#..##......####...##
.#......#.....(.##.#....#..$.##
#....#..##..#>.....o.o......##
#...<#.....##.#.#.#o).......#
.....<##......#..###..@.....#*
.....###..####......#...##...#***
###........###,#♣####).####....#,
##....##..?###*##oo.))## ##.....
##.##..#...##.*#.#oo)## *#....
#####...##....,#.#..## **....
.###.#....####*##..## **,....
.#####..##### *#...# **,,**#.
,****,,** *#...## **,,** *,
,*,,,,,* *#.?.#* **,,** **
,*,,>,** **...#* **,,** *


You could see Joseph, an orc warrior, an orc priest and 2 orcs.

Vanquished Creatures
  2 black bears
  2 ogres
  2 phantoms
  A scorpion (D:5)
  A water moccasin skeleton (D:4)
  A hound (D:5)
  3 orc priests
  A sleepcap (D:6)
  A bullfrog skeleton (D:4)
  2 gnoll boudas
  Natasha (thrice) (D:4)
  Terence (D:3)
  3 iguanas
  2 orc wizards
  A scorpion zombie (D:4)
  2 hound skeletons (D:4)
  Robin (D:3)
  16 gnolls
  11 adders
  A worm (D:5)
  13 orcs
  10 ball pythons
  3 bats
  5 endoplasms
  4 giant cockroaches
  10 goblins
  12 hobgoblins
  9 quokkas
  3 frilled lizards
  6 kobolds
  A quokka zombie (D:4)
  8 rats
141 creatures vanquished.

Notes
Turn   | Place    | Note
-------+----------+-------------------------------------------
     0 | D:1      | Newt the Merfolk Shapeshifter began the quest for the Orb.
     0 | D:1      | Reached XP level 1. HP: 15/15 MP: 1/1
    91 | D:1      | Reached XP level 2. HP: 22/22 MP: 2/2
  1190 | D:2      | Reached XP level 3. HP: 29/29 MP: 3/3
  1430 | D:2      | Reached skill level 1 in Short Blades
  1430 | D:2      | Reached XP level 4. HP: 35/37 MP: 4/4
  1649 | D:2      | Found the +18 shield of the Gong {Loud rN+ Will+ rCorr
                  | EV-5}
  2012 | D:2      | Identified the ring of Zaacenk {rCorr Int+4}
  2160 | D:3      | Noticed Robin
  2194 | D:3      | Killed Robin
  2199 | D:3      | Reached XP level 5. HP: 41/42 MP: 5/5
  2229 | D:3      | Reached skill level 1 in Shields
  2261 | D:3      | Noticed Terence
  2277 | D:3      | Killed Terence
  2852 | D:4      | Identified the +1 trident "Lyte" {elec, Dex+5}
  2895 | D:4      | Noticed an ogre
  2899 | D:4      | Noticed Natasha
  2899 | D:4      | Noticed a phantom
  2907 | D:4      | Killed a phantom
  2908 | D:4      | Reached XP level 6. HP: 42/48 MP: 6/6
  2915 | D:4      | Killed Natasha
  2951 | D:4      | Found a staircase to the Ecumenical Temple.
  2991 | Temple   | Entered the Ecumenical Temple
  3010 | Temple   | Became a worshipper of the Shining One
  3068 | D:4      | Reached skill level 5 in Shapeshifting
  3077 | D:4      | Noticed Natasha
  3081 | D:4      | Killed Natasha
  3089 | D:4      | Reached XP level 7. HP: 46/54 MP: 7/7
  3271 | D:4      | Noticed Natasha
  3276 | D:4      | Killed Natasha
  3448 | D:4      | Reached skill level 6 in Shapeshifting
  3474 | D:4      | Identified the +5 dagger "Leviticus" {pain, Fragile rPois
                  | Will+ Int+2}
  3495 | D:5      | Entered Level 5 of the Dungeon
  3514 | D:5      | Reached * piety under the Shining One
  3537 | D:5      | Reached skill level 7 in Shapeshifting
  3556 | D:5      | Reached XP level 8. HP: 55/60 MP: 8/8
  3567 | D:5      | Reached skill level 5 in Dodging
  3606 | D:5      | Found Yrun Orphypt's Weapon Shoppe.
  4037 | D:6      | Reached skill level 8 in Shapeshifting
  4288 | D:6      | Reached skill level 9 in Shapeshifting
  4290 | D:6      | Reached skill level 1 in Invocations
  4689 | D:7      | Found Uxosomeo's Magic Scroll Emporium.
  4694 | D:7      | Bought a scroll of identify for 28 gold pieces
  4731 | D:7      | Noticed Menkaure
  4731 | D:7      | Reached ** piety under the Shining One
  4734 | D:7      | Noticed Joseph
  4897 | D:7      | Shot with a sling bullet by Joseph

Illustrated notes

Levels and vault maps discovered:
D:1:      dpeg_arrival_lava_temple_mockup, layout_basic,
          hangedman_abyss_or_decor_lesser_grid, chequers_serial_rivers_large_b
D:2:      minmay_skewed_foursquare, layout_basic
D:3:      layout_loops_cross, hangedman_decor_growths, grunt_decor_clamped,
          nrook_mini_backslash, uniq_terence, uniq_robin
D:4:      wander_river, layout_basic, minmay_temple_entry_mist,
          dilly_guarded_unrand_morg
D:5:      layout_rooms, serial_shops, nicolae_square_shop,
          kennysheep_decorative_pillar
D:6:      layout_rooms
D:7:      layout_layer_cave, serial_shops, nicolae_shop_trees, enter_bailey_8,
          uniq_menkaure, uniq_pikel, uniq_joseph
Temple:   nicolae_temple_bog_church

Skill      XL: |  1  2  3  4  5  6  7  8 |
---------------+-------------------------+-----
Fighting       | 2 3 4 |  4.0
Short Blades   | 1 3 |  3.1
Shields        | 3 |  3.0
Polearms       | 2 3 |  3.0
Shapeshifting  | 5 7 9 |  9.0
Dodging        | 4 5 |  5.0
Invocations    | 3 |  3.2
Unarmed Combat | |  3.2

Action                     |  1- 3 |  4- 6 |  7- 9 || total
---------------------------+-------+-------+-------++-------
  Melee: Unarmed           |    39 |       |       ||    39
         Dagger            |    43 |   104 |       ||   147
         Punch             |     1 |     1 |       ||     2
         Trident           |       |    54 |   137 ||   191
         Tailslap          |       |     1 |       ||     1
    Use: Scroll            |     7 |       |    12 ||    19
         Potion            |       |       |     1 ||     1
   Stab: Sleeping          |     2 |     3 |       ||     5
         Distracted        |       |     1 |       ||     1
 Armour: Animal skin       |    16 |     6 |     7 ||    29
  Dodge: Dodged            |    50 |    24 |    19 ||    93
  Block: Kite shield       |       |   120 |   140 ||   260

Table legend: (Time is in decaauts)
 A = Elapsed time spent in this place.
 B = Non-inter-level travel time spent in this place.
 C = Inter-level travel time spent in this place.
 D = Time resting spent in this place.
 E = Time spent auto-exploring this place.
 F = Levels seen in this place.
 G = Mean time per level.
                   A        B        C        D        E       F      G
               +--------+--------+--------+--------+--------+-----+--------+
         Total |   4912 |   4603 |    309 |    585 |   3040 |   8 |  614.0 |
       Dungeon |   4876 |   4602 |    274 |    585 |   3040 |   7 |  696.6 |
        Temple |     35 |      1 |     34 |      0 |      0 |   1 |   35.0 |
               +--------+--------+--------+--------+--------+-----+--------+

Top non-repeatable levels by time:
     D:2: 1126 daAuts
     D:1: 951 daAuts
     D:6: 717 daAuts
     D:3: 684 daAuts
     D:4: 673 daAuts
     D:5: 469 daAuts
     D:7: 254 daAuts
  Temple: 35 daAuts
